 Dungeon Sprint DCSS version 0.19-a0-1937-g70ed36a (webtiles) character file.

4 LORDOFBUTT the Sneak (level 1, -2/9 HPs)
             Began as a Spriggan Enchanter on Oct 26, 2016.
             Was an Initiate of Dithmenos.
             Slain by a gnoll
             ... wielding a +0 spear
              (8 damage)
             ... in the Dungeon (Sprint VII: "The Pits").
             The game lasted 00:00:50 (260 turns).

LORDOFBUTT the Sneak (Spriggan Enchanter)            Turns: 260, Time: 00:00:50

Health: -2/9       AC:  3    Str:  4    XL:     1   Next: 58%
Magic:  5/5        EV: 19    Int: 16    God:    Dithmenos [......]
Gold:   0          SH:  0    Dex: 16    Spells: 1 memorised, 5 levels left

rFire  . . .     SeeInvis +     k - +2 dagger
rCold  . . .     Gourm    .     b - +1 robe
rNeg   . . .     Faith    .     (shield restricted)
rPois  .         Spirit   .     (helmet restricted)
rElec  .         Reflect  .     (no cloak)
rCorr  .         Harm     .     (gloves unavailable)
MR     .....     NoTele   +     (boots unavailable)
Stlth  +++.......               (no amulet)
                                (no ring)
                                (no ring)

@: very quick
A: unfitting armour, see invisible, herbivore 3, speed 3, slow metabolism 2
a: Renounce Religion


You were in the Dungeon.
You worshipped Dithmenos.
Dithmenos was noncommittal.
You were not hungry.

You visited 1 branch

Inventory:

Hand Weapons
 k - a +2 dagger (weapon)
Armour
 b - a +1 robe (worn)
Scrolls
 j - a scroll of blinking
 l - 3 scrolls of remove curse
 m - 5 scrolls of amnesia
 n - a scroll of summoning
Potions
 a - 2 potions of invisibility
 e - a potion of curing
 f - a potion of heal wounds
 g - a potion of haste
 h - 4 potions of magic
 i - 3 potions of berserk rage
Books
 c - a book of Maledictions

   Spells                             Type                      Level
   a - Corona                         Hexes                        1
   b - Ensorcelled Hibernation        Hexes/Ice                    2
   c - Confuse                        Hexes                        3
   d - Tukima's Dance                 Hexes                        3
   e - Dazzling Spray                 Conjuration/Hexes            3
Comestibles
 d - 8 bread rations
 o - 40 fruits


   Skills:
 + Level 1.5 Short Blades
 + Level 3.4 Dodging
 * Level 5.0 Stealth
 * Level 3.4 Spellcasting
 * Level 4.1 Hexes


You had 5 spell levels left.
You knew the following spells:

 Your Spells              Type           Power        Failure   Level  Hunger
a - Corona                Hex            ###....      3%          1    None


Dungeon Overview and Level Annotations

Branches:
Dungeon (1/1)

Altars:
Ashenzari
Cheibriados
Dithmenos
Elyvilon
Fedhas
Gozag
Hepliaklqana
Kikubaaqudgha
Makhleb
Nemelex Xobeh
Okawaru
Qazlal
Ru
Sif Muna
Trog
Uskayaw
Vehumet
Xom
Yredelemnul
Zin
The Shining One
Beogh
Jiyva
Lugonu


Innate Abilities, Weirdness & Mutations

You are very small and have problems with some larger weapons.
You are too small for most types of armour.
You have supernaturally acute eyesight. (SInv)
You are a herbivore.
You cover ground extremely quickly.
You need consume almost no food.


Message History

A scorpion comes into view.
A gnoll comes into view. It is wielding a spear.
There is an open door here.
Wield which item (- for none, * to show all)? (? for menu, Esc to quit)
You are wearing that object!
There is an open door here.
There is an open door to the Storerooms (Easy) here.
You close the door.
You open the huge gate.
There is a huge open gate to the Grid Vault (Hard) here.
There is a huge open gate to the Grid Vault (Hard) here.
There is a huge open gate to the Grid Vault (Hard) here.
There is a huge open gate to the Grid Vault (Hard) here.
There is a huge open gate to the Grid Vault (Hard) here.
You hit the gnoll but do no damage. The gnoll hits you with a spear.
You hit the gnoll.
The gnoll is lightly wounded.
The gnoll hits you with a spear!
Ouch! That really hurt!
You die...

.# ############+##..#
#######
.................#
______#
.................#
______#
######''##########
#####'###########''######
#)))#.##.......g@.......#
')))'.##......#..#......#
#####.##................+
.......+................+
##+#####......#..#......#
#................#
####'#####++######
#.......# #.......#


You could see a gnoll.

Vanquished Creatures
  An ooze (D)
1 creature vanquished.

Notes
Turn   | Place    | Note
-------+----------+-------------------------------------------
     0 | D        | LORDOFBUTT the Spriggan Enchanter began the quest for the Orb.
     0 | D        | Reached XP level 1. HP: 9/9 MP: 5/5
    18 | D        | Reached skill level 5 in Stealth
   163 | D        | Found a radiant altar of Vehumet.
   163 | D        | Found a hide-covered altar of Uskayaw.
   163 | D        | Found an ancient bone altar of Kikubaaqudgha.
   163 | D        | Found a viscous altar of Jiyva.
   163 | D        | Found a hazy altar of Hepliaklqana.
   164 | D        | Found a bloodstained altar of Trog.
   164 | D        | Found a deep blue altar of Sif Muna.
   164 | D        | Found a sacrificial altar of Ru.
   164 | D        | Found a stormy altar of Qazlal.
   164 | D        | Found an iron altar of Okawaru.
   164 | D        | Found a sparkling altar of Nemelex Xobeh.
   164 | D        | Found an opulent altar of Gozag.
   164 | D        | Found a blossoming altar of Fedhas.
   164 | D        | Found a white marble altar of Elyvilon.
   164 | D        | Found a shadowy altar of Dithmenos.
   164 | D        | Found a snail-covered altar of Cheibriados.
   165 | D        | Found a glowing golden altar of the Shining One.
   165 | D        | Found a glowing silver altar of Zin.
   166 | D        | Found a burning altar of Makhleb.
   166 | D        | Found a basalt altar of Yredelemnul.
   166 | D        | Found a roughly hewn altar of Beogh.
   167 | D        | Found a corrupted altar of Lugonu.
   167 | D        | Found a shimmering altar of Xom.
   167 | D        | Found a shattered altar of Ashenzari.
   173 | D        | Became a worshipper of Dithmenos the Shadowed
   205 | D        | Noticed a scorpion
   260 | D        | Slain by a gnoll

Vault maps used:
D:        pitsprint

Skill      XL: |  1 |
---------------+----+-----
Stealth        | 5 |  5.0
Spellcasting   | 3 |  3.4
Hexes          | 4 |  4.1
Short Blades   | |  1.5
Dodging        | |  3.4

Action                   || total
-------------------------++-------
Melee: Dagger            ||     7
Armor: Robe              ||     2
Dodge: Dodged            ||     2
